 Dungeon Crawl Stone Soup version 0.29-a0-362-g5854e031c7 (webtiles) character file.

Game seed: 15394303496910206044

75 Hubjo the Firebug (level 4, -3/26 HPs)
             Began as a Deep Elf Fire Elementalist on Apr 29, 2022.
             Was a Believer of Elyvilon.
             Slain by an orc
             ... wielding a +0 flail
              (6 damage)
             ... on level 2 of the Dungeon.
             The game lasted 00:02:27 (2591 turns).

Hubjo the Firebug (Deep Elf Fire Elementalist)      Turns: 2591, Time: 00:02:28

Health: -3/26      AC:  2    Str:  5    XL:     4   Next: 11%
Magic:  10/11      EV: 13    Int: 20    God:    Elyvilon [**....]
Gold:   99         SH:  0    Dex: 17    Spells: 9/10 levels left

rFire   + . .      SeeInvis .   c - +1 dagger (speed)
rCold   + . .      Faith    .   (no shield)
rNeg    . . .      Spirit   .   a - +0 robe
rPois   +          Reflect  .   (no helmet)
rElec   +          Harm     .   (no cloak)
rCorr   +          Rampage  .   (no gloves)
Will    .....                   (no boots)
Stlth   +++.......              (no amulet)
HPRegen 0.08/turn               (no ring)
MPRegen 0.12/turn               (no ring)

@: resistant
A: no striking features
a: Renounce Religion, Purification, Heal Other


You were on level 2 of the Dungeon.
You worshipped Elyvilon.
Elyvilon was pleased with you.
You visited 1 branch of the dungeon, and saw 2 of its levels.

You collected 99 gold pieces.

Inventory:

Hand Weapons
 c - a +1 dagger of speed (weapon)
Armour
 a - a +0 robe (worn)
Scrolls
 d - a scroll of identify {unknown}
 e - a scroll of magic mapping {unknown}
 g - a scroll of fog {unknown}
 h - a scroll of immolation {unknown}
Potions
 b - a potion of magic


   Skills:
 * Level 1.7 Fighting
 - Level 2.4 Dodging
 + Level 3.4 Stealth
 + Level 3.7 Spellcasting
 - Level 1.1 Conjurations
 + Level 3.8 Fire Magic


You had 9 spell levels left.
You knew the following spells:

 Your Spells              Type           Power      Damage    Failure   Level
a - Foxfire               Conj/Fire      52%        2x1d6     4%          1

Your spell library contained the following spells:

 Spells                   Type           Power      Damage    Failure   Level
 Scorch                   Fire           38%        2d6       4%          2
 Conjure Flame            Conj/Fire      13%        6-21      14%         3
 Inner Flame              Hex/Fire       11%        N/A       19%         3
 Flame Wave               Conj/Fire      13%        2d6       43%         4


Dungeon Overview and Level Annotations

Branches:
Dungeon (2/15)

Altars:
Elyvilon

Shops:
D:2 =


Message History

Found a stone staircase leading down.
i - a golden potion You conjure some foxfire!
You conjure some foxfire!
There is not enough space to conjure foxfire!
There is not enough space to conjure foxfire!
Your foxfire dissipates!
There is an entrance to Joun's Jewellery Shop here.
An orc priest is nearby!
An orc priest is nearby!
An orc priest is nearby!
An orc priest is nearby!
The orc priest shouts!
The orc shouts!
The orc priest calls down the wrath of Beogh upon you.
Beogh smites you!
There is an open door here.
You conjure some foxfire!
The orc priest mumbles some strange prayers to Beogh against you.
Pain shoots through your body!
Ouch! That really hurt!
* * * LOW HITPOINT WARNING * * *
You are too injured to fight recklessly!
You are too injured to fight recklessly!
You are too injured to fight recklessly!
Unknown command.
It was a potion of resistance.
You feel protected.
The foxfire hits the orc.
The orc is heavily wounded.
The foxfire hits the orc.
The orc is almost dead.
The orc priest calls upon Beogh to heal the orc.
The orc is healed somewhat.
Press: ? - help, Dir - move target
Okay, then.
As you read the scroll labelled ELEGAUTO LIGAT, it crumbles to dust.
It is a scroll of amnesia.
Okay, then.
The orc hits you with a +0 flail.
You die...

#..####....#.#...... #..#
##...#.#...... #..#
##..#.######+ #..# ##..#.#
.# #..# ##.....# ..
#..####......###### .#### #+
#.................. .... ...
#.........'##########.# #..
#.#........@..........# #..
#...######o######.....####..
###.# #.# ##...≈≈........
#.# #.# #..≈≈≈≈†..##...
#.######o# #..≈≈≈≈†.†.#...
#..........#..≈≈≈≈≈.†.....
#..........#..≈≈≈≈≈.#÷###.
#..........#...≈≈≈..#.....
##.........#....)..###..#.


You could see an orc priest and an orc.

Vanquished Creatures
  An orc wizard (D:2)
  An adder (D:2)
  2 orcs (D:2)
  5 ball pythons (D:1)
  3 bats (D:1)
  An endoplasm (D:1)
  5 goblins
  3 hobgoblins
  A quokka (D:1)
  11 frilled lizards
  3 kobolds (D:1)
  3 rats
39 creatures vanquished.

Vanquished Creatures (others)
  172 foxfires
172 creatures vanquished.

Grand Total: 211 creatures vanquished

Notes
Turn   | Place    | Note
-------+----------+-------------------------------------------
     0 | D:1      | Hubjo the Deep Elf Fire Elementalist began the quest for
                  | the Orb.
     0 | D:1      | Reached XP level 1. HP: 10/10 MP: 6/6
    13 | D:1      | Noticed a demonspawn zombie
   559 | D:1      | Found a faded altar of an unknown god.
   569 | D:1      | Prayed at the altar of an unknown god.
   569 | D:1      | Became a worshipper of Elyvilon the Healer
   569 | D:1      | Reached * piety under Elyvilon
   641 | D:1      | Reached XP level 2. HP: 14/16 MP: 4/8
  1287 | D:1      | Reached skill level 1 in Fighting
  1937 | D:2      | Found Joun's Jewellery Shop.
  1946 | D:2      | Reached XP level 3. HP: 20/20 MP: 1/9
  2230 | D:2      | Reached ** piety under Elyvilon
  2234 | D:2      | Reached XP level 4. HP: 26/26 MP: 7/11
  2591 | D:2      | Slain by an orc

Illustrated notes

Levels and vault maps discovered:
D:1:      shiori_arrival_whats_in_store_for_you, layout_basic,
          ebering_ecumenical_altar_rust, minmay_misc_feat_tiny,
          minmay_crystal_room, wander_ebering_terrifying_dragon_lair
D:2:      layout_basic, serial_shops, nicolae_shop_trees, hex_tiny,
          hangedman_decor_growths, minmay_lizard_pond, uniq_natasha

Skill      XL: |  1  2 |
---------------+-------+-----
Fighting       | 1 |  1.7
Stealth        | 3 |  3.4
Dodging        | |  2.4
Spellcasting   | |  3.7
Conjurations   | |  1.1
Fire Magic     | |  3.8

Action                   |  1- 3 |  4- 6 || total
-------------------------+-------+-------++-------
Melee: Unarmed           |     8 |       ||     8
       Dagger            |    21 |       ||    21
 Cast: Foxfire           |    90 |    27 ||   117
  Use: Scroll            |       |     1 ||     1
       Potion            |       |     1 ||     1
 Stab: Sleeping          |     3 |       ||     3
Armor: Robe              |     3 |       ||     3
Dodge: Dodged            |    12 |       ||    12

Table legend: (Time is in decaauts)
 A = Elapsed time spent in this place.
 B = Non-inter-level travel time spent in this place.
 C = Inter-level travel time spent in this place.
 D = Time resting spent in this place.
 E = Time spent auto-exploring this place.
 F = Levels seen in this place.
 G = Mean time per level.
                   A        B        C        D        E       F      G
               +--------+--------+--------+--------+--------+-----+--------+
         Total |   2584 |   2532 |     52 |     23 |   2229 |   2 | 1292.0 |
       Dungeon |   2584 |   2532 |     52 |     23 |   2229 |   2 | 1292.0 |
               +--------+--------+--------+--------+--------+-----+--------+

Top non-repeatable levels by time:
     D:1: 2000 daAuts
     D:2: 583 daAuts
